Map: World of Sleepers LE

Players

Ziggy

  • Race: Terran Terran
  • Spawn Location: 7:00

Lambo - Winner!

  • Race: Zerg Zerg
  • Spawn Location: 1:00

VOD

Have the link to the VOD?

Description

Time

  • Played on: Sept. 6, 2019, 3:41 p.m.
  • Length: 9:07
Show
View Real Time Build Order
Export as new Build Order

Ziggy Terran 

Build Orders:  

Get SALT Encoding   

  12  0:00  SCV  
  13  0:12  SCV  
  14  0:17  Supply Depot  
  14  0:24  SCV  
  15  0:39  SCV  
  15  0:42  Barracks  
  16  0:45  Refinery  
  16  0:51  SCV  
  17  1:00  Barracks  
  17  1:03  SCV  
  18  1:15  SCV  
  19  1:29  Orbital Command, Reaper  
  20  1:35  Barracks  
  20  1:42  Refinery  
  20  1:46  Reaper  
  21  1:52  Supply Depot  
  21  1:56  SCV  
  22  2:04  Reaper  
  23  2:13  SCV  
  24  2:18  Reaper  
  25  2:24  Reaper  
  26  2:36  Reaper  
  27  2:40  Command Center  
  27  2:45  Supply Depot  
  27  2:50  Reaper  
  28  2:56  Reaper  
  29  3:00  SCV  
  30  3:09  Reaper  
  31  3:23  Reaper  
  32  3:28  Reaper  
  32  3:33  SCV  
  34  3:41  Reaper  
  35  3:51  SCV  
  35  3:55  Orbital Command, Reaper  
  37  3:56  Command Center  
  37  4:01  Reaper  
  38  4:03  SCV  
  39  4:13  Reaper  
  39  4:15  SCV  
  41  4:18  Factory  
  41  4:20  SCV  
  42  4:28  SCV  
  43  4:31  Reaper  
  43  4:32  SCV  
  45  4:40  SCV, Refinery  
  45  4:44  SCV  
  47  4:47  Refinery  
  47  4:52  Marine x2, SCV  
  50  4:57  SCV  
  51  5:03  Marine, Factory Tech Lab  
  51  5:04  SCV  
  53  5:08  SCV  
  53  5:10  Marine  
  55  5:20  SCV  
  55  5:21  SCV  
  50  5:22  Orbital Command  
  46  5:32  Siege Tank  
  46  5:33  SCV x2  
  51  5:38  Starport  
  51  5:41  Marine x3  
  54  5:45  SCV x2  
  54  5:47  SCV  
  57  5:52  Supply Depot  
  57  5:53  Supply Depot  
  57  5:57  SCV x2  
  57  5:59  SCV  
  60  6:04  Starport x2  
  60  6:09  SCV x2  
  62  6:11  SCV  
  63  6:19  Fusion Core, Starport Tech Lab  
  63  6:21  SCV x2  
  63  6:24  SCV  
  66  6:29  Supply Depot x2  
  66  6:33  SCV x2  
  66  6:36  SCV  
  69  6:40  Starport Tech Lab  
  69  6:41  Starport Tech Lab  
  69  6:45  SCV x2  
  71  6:48  Supply Depot  
  71  6:49  SCV, Supply Depot  
  72  6:57  SCV  
  73  7:06  Command Center, Battlecruiser x2  
  85  7:14  Marine  
  86  7:15  Marine  
  86  7:16  Marine  
  86  7:19  Battlecruiser  
  94  7:23  Engineering Bay  
  94  7:33  SCV x2  
  94  7:35  Marine  
  94  7:37  Marine x2  
  97  7:42  Orbital Command, Supply Depot  
  97  7:43  Supply Depot  
  99  7:45  SCV x2  
  99  7:49  Siege Tank  
  104  7:53  Refinery  
  104  7:54  Marine  
  104  7:55  Missile Turret  
  104  7:57  SCV x2, Refinery, Missile Turret  
  107  8:03  Supply Depot x2  
  107  8:04  Supply Depot  
  107  8:09  SCV x2  
  115  8:18  SCV x2  
  102  8:28  Marine  
  101  8:45  SCV  
  101  8:46  Marine, SCV x2  
  102  8:50  Missile Turret  
  102  8:52  Missile Turret  
Show
View Real Time Build Order
Export as new Build Order

Lambo Zerg - Winner!

Build Orders: Hatch First 

Get SALT Encoding   

  12  0:01  Drone  
  13  0:12  Overlord  
  13  0:16  Drone  
  14  0:31  Drone x2  
  16  0:48  Hatchery  
  15  0:52  Drone  
  15  0:56  Drone  
  17  0:58  Drone  
  18  1:11  Extractor  
  18  1:13  Spawning Pool  
  18  1:17  Drone  
  17  1:20  Drone  
  18  1:28  Drone  
  19  1:38  Drone  
  20  1:50  Overlord  
  20  2:00  Queen x2, Zergling x2  
  20  2:01  Zergling x2  
  26  2:11  Drone x2  
  26  2:13  Metabolic Boost  
  28  2:22  Drone x2  
  30  2:33  Drone  
  31  2:40  Hatchery  
  31  2:41  Drone  
  31  2:48  Drone  
  31  2:55  Zergling x2  
  31  2:56  Overlord  
  32  2:59  Zergling x2  
  32  3:02  Queen  
  35  3:08  Zergling x2  
  35  3:13  Zergling x2  
  35  3:16  Overlord  
  35  3:18  Zergling x6  
  38  3:27  Zergling x4  
  35  3:36  Zergling x2  
  35  3:38  Zergling x2  
  34  3:44  Queen  
  34  3:47  Zergling x4  
  36  3:52  Zergling x2  
  36  3:55  Zergling x6  
  39  3:58  Zergling x2  
  39  4:01  Zergling x2  
  39  4:02  Queen  
  43  4:03  Zergling x2  
  43  4:09  Zergling x2  
  44  4:12  Zergling x2  
  44  4:15  Overlord  
  45  4:23  Zergling x4  
  47  4:25  Zergling x2  
  47  4:29  Zergling x4  
  47  4:30  Zergling x2  
  47  4:31  Drone  
  52  4:34  Queen  
  54  4:39  Drone x2  
  54  4:43  Drone  
  57  4:46  Drone  
  57  4:47  Drone  
  57  4:52  Drone  
  60  5:02  Zergling x6  
  60  5:05  Drone  
  64  5:11  Drone x2  
  65  5:14  Overlord  
  65  5:18  Drone x2  
  65  5:22  Drone  
  65  5:26  Overlord  
  65  5:27  Overlord  
  66  5:28  Overlord  
  66  5:32  Overlord, Queen  
  66  5:33  Drone x2, Evolution Chamber  
  66  5:35  Drone x2  
  71  5:39  Queen  
  71  5:40  Drone  
  74  5:47  Drone x3  
  74  5:48  Drone  
  74  5:49  Drone  
  79  5:55  Lair  
  79  5:56  Drone  
  79  5:57  Drone  
  81  5:58  Drone  
  81  6:00  Drone  
  81  6:01  Drone  
  81  6:03  Drone  
  85  6:05  Drone  
  85  6:08  Drone x3  
  89  6:12  Drone x3  
  89  6:15  Drone  
  89  6:16  Extractor x2  
  89  6:18  Drone, Extractor  
  91  6:22  Drone x2  
  91  6:23  Drone  
  91  6:24  Queen  
  96  6:28  Drone  
  96  6:30  Spore Crawler, Drone  
  96  6:31  Spore Crawler  
  96  6:32  Drone  
  97  6:33  Spore Crawler, Drone  
  97  6:36  Extractor  
  97  6:37  Zerg Missile Weapons Level 1  
  97  6:38  Drone  
  97  6:39  Extractor  
  96  6:40  Drone x2  
  96  6:42  Drone x2  
  96  6:44  Drone  
  101  6:51  Drone x2  
  103  7:01  Queen x2, Spire  
  103  7:05  Overlord, Spore Crawler  
  103  7:06  Overlord, Drone  
  103  7:07  Overseer  
  106  7:14  Overlord  
  106  7:15  Overlord  
  106  7:19  Roach Warren  
  106  7:22  Overlord  
  105  7:23  Overlord, Queen  
  105  7:26  Overlord  
  105  7:28  Overlord  
  105  7:29  Drone  
  108  7:30  Spore Crawler  
  108  7:31  Drone x2  
  108  7:33  Drone  
  110  7:37  Drone x2  
  110  7:38  Spore Crawler  
  110  7:39  Drone  
  110  7:40  Drone x2  
  114  7:49  Drone x2  
  114  7:50  Drone  
  114  7:51  Queen x2  
  121  8:01  Queen  
  123  8:07  Hatchery  
  123  8:09  Overlord  
  121  8:13  Baneling Nest  
  117  8:20  Corruptor x3  
  117  8:22  Corruptor  
  110  8:44  Spore Crawler  
Tags
 
Add a new tag
Caveats
  • Supply blocks, unpowered buildings, or Contaminate may cause inaccurate times.
  • Supply counts are checked every 10 seconds.